 Dungeon Crawl Stone Soup version 0.29.1-4-g47bece8355 (webtiles) character file.

Game seed: 8542963561196030793

62 Thatpatchoflichen the Chiller (level 3, 0/28 HPs)
             Began as a Draconian Ice Elementalist on Dec 7, 2022.
             Slain by Sigmund
             ... wielding a +2 scythe of freezing
              (2 damage)
             ... on level 2 of the Dungeon.
             The game lasted 00:09:59 (3391 turns).

Thatpatchoflichen the Chiller (DrIE)                Turns: 3391, Time: 00:09:59

Health: 0/28       AC:  5    Str: 10    XL:     3   Next: 85%
Magic:  4/6        EV: 12    Int: 17    God:
Gold:   131        SH:  5    Dex: 11    Spells: 3/7 levels left

rFire   . . .      SeeInvis .   k - +0 war axe
rCold   . . .      Faith    .   (no shield)
rNeg    . . .      Spirit   .   (body armour unavailable)
rPois   .          Reflect  +   (helmet restricted)
rElec   .          Harm     .   (no cloak)
rCorr   .          Rampage  .   (no gloves)
Will    .....                   (no boots)
Stlth   ++........              c - amulet of reflection
HPRegen 0.09/turn               (no ring)
MPRegen 0.10/turn               (no ring)

@: slowed, very slow
A: AC +5, unfitting armour, cold-blooded
a: no special abilities


You were on level 2 of the Dungeon.
You visited 1 branch of the dungeon, and saw 3 of its levels.

You collected 131 gold pieces.

Inventory:

Hand Weapons
 k - a +0 war axe (weapon)
Missiles
 m - 4 poisoned darts (quivered)
Jewellery
 c - an amulet of reflection (around neck)
Scrolls
 b - a scroll of amnesia {unknown}
 d - a scroll of vulnerability {unknown}
 e - a scroll of fog {unknown}
 l - 2 scrolls of blinking {unknown}
 o - a scroll of magic mapping {unknown}
Potions
 a - a potion of magic
 f - 2 potions of flight {unknown}
 g - a potion of cancellation {unknown}
 h - 2 potions of berserk rage {unknown}
 i - a potion of brilliance {unknown}
 j - a potion of mutation {unknown}
 n - a potion of curing {unknown}


   Skills:
 + Level 1.4 Fighting
 + Level 2.2 Dodging
 + Level 2.4 Stealth
 + Level 2.5 Spellcasting
 + Level 4.3 Ice Magic


You had 3 spell levels left.
You knew the following spells:

 Your Spells              Type           Power      Damage    Failure   Level
a - Freeze                Ice            64%        1d8       3%          1
b - Frozen Ramparts       Ice            32%        1d5       10%         3

Your spell library contained the following spells:

 Spells                   Type           Power      Damage    Failure   Level
 Ozocubu's Armour         Ice            16%        N/A       10%         3
 Static Discharge         Conj/Air       2%         3-4/arc   28%         2
 Gell's Gravitas          Tloc           2%         N/A       50%         3
 Lesser Beckoning         Tloc           2%         N/A       50%         3
 Teleport Other           Tloc           2%         N/A       50%         3
 Hailstorm                Conj/Ice       9%         3d4       58%         4
 Dispel Undead            Necr           2%         3d7       88%         4
 Sticky Flame             Conj/Fire      2%         2d3       88%         4


Dungeon Overview and Level Annotations

Branches:
Dungeon (3/15)

Altars:

Annotations:
D:2 Sigmund


Innate Abilities, Weirdness & Mutations

Your plain brown scales are hard. (AC +5)
You cannot fit into any form of body armour.
You are cold-blooded and may be slowed by cold attacks.


Message History

Sigmund points at you and mumbles some strange words.
The puff of flame misses you.
The wall freezes Sigmund but does no damage.
Sigmund hits you from afar with a +2 scythe of freezing!
You feel yourself slow down. Sigmund freezes you.
The wall freezes Sigmund.
Sigmund gestures at you while chanting. You resist with significant effort.
Your frozen ramparts will break if you move.
Continue?
Okay, then.
Aiming: Freeze (safe; 3% risk of failure)
Press: ? - help, Q - select action, (/) - cycle Shift-Dir - straight line, f - Sigmund
Aim: Sigmund, wielding a +2 scythe of freezing and wearing a +2 robe of the Archmagi (lightly wounded) Out of range.
Okay, then.
Throw: 5 darts (poison)
Press: ? - help, Q - select action, (/) - cycle Shift-Dir - straight line, f - Sigmund
Aim: Sigmund, wielding a +2 scythe of freezing and wearing a +2 robe of the Archmagi (lightly wounded, 50% to hit)
You throw a poisoned dart.
The poisoned dart closely misses Sigmund.
You feel yourself speed up.
The wall freezes Sigmund.
Sigmund casts a spell.
Sigmund flickers and vanishes!
Deactivating autopickup; reactivate with Ctrl-A.
The wall freezes something.
Something hits you.
You feel yourself slow down. Something freezes you.
Throw: 4 darts (poison)
Press: ? - help, Q - select action, (/) - cycle Shift-Dir - straight line, f - you
Okay, then.
The wall freezes something but does no damage.
Something hits you.
* * * LOW HITPOINT WARNING * * *
You feel as though you will be slow longer.
Something freezes you.
* * * LOW HITPOINT WARNING * * *
The frozen ramparts melt away.
Something hits you.
* * * LOW HITPOINT WARNING * * *
Something freezes you.
You die...

....#.#.....##.#............)..#
#####.##...###.#.###############
#.###### #.#.#.........# #####.#
#.#.#.#######[# .[....#
###.#.#.# ###.# #####.#
#...#.#.# #...# #.# #...#.#.#
#.######## #.# #...#.#.#
#......... #.########.#@#.#
#########. ##.##.......#.#.#####
#.....#. #...........#{#.....#
#.###.#.
####...........#.#####.#
#.#.#.#. .......<.>.....#.# #.#
#†..#.#. ..>...##.......#'#
#.#####.#.#. ......##..........
#....†....#.
......##........(..#
#######.###.
...##.#########....# #.....


There were no monsters in sight!

Vanquished Creatures
  2 worms (D:2)
  A dart slug (D:1)
  6 endoplasms
  2 giant cockroaches (D:1)
  4 hobgoblins (D:1)
  3 jackals (D:2)
  9 ball pythons
  4 bats
  5 frilled lizards
  6 goblins
  2 kobolds (D:2)
  10 rats
54 creatures vanquished.

Notes
Turn   | Place    | Note
-------+----------+-------------------------------------------
     0 | D:1      | Thatpatchoflichen the Draconian Ice Elementalist began the
                  | quest for the Orb.
     0 | D:1      | Reached XP level 1. HP: 14/14 MP: 3/3
   234 | D:1      | Reached XP level 2. HP: 20/22 MP: 5/5
   960 | D:1      | Reached skill level 1 in Fighting
  1247 | D:1      | Reached XP level 3. HP: 26/28 MP: 6/6
  1792 | D:2      | Learned a level 3 spell: Frozen Ramparts
  2320 | D:2      | Noticed Sigmund
  2534 | D:2      | Found a faded altar of an unknown god.
  3391 | D:2      | Slain by Sigmund

Illustrated notes

Levels and vault maps discovered:
D:1:      tarquinn_simple_flora_water_d, layout_basic, roderic_serpentine_path,
          chequers_serial_rivers_small_b
D:2:      layout_basic, nicolae_ecumenical_snake_handling, uniq_sigmund
D:3:      layout_basic, nicolae_uskayaw_suspiria, uniq_jessica

Skill      XL: |  1  2 |
---------------+-------+-----
Stealth        | 2 |  2.4
Dodging        | 2 |  2.2
Fighting       | 1 |  1.4
Spellcasting   | |  2.5
Ice Magic      | |  4.3

Action                   || total
-------------------------++-------
Melee: Unarmed           ||   151
       Tailslap          ||    30
       War axe           ||    55
       Punch             ||     1
Throw: Dart              ||     1
 Cast: Freeze            ||    14
       Frozen Ramparts   ||     1
 Stab: Sleeping          ||     5
Armor: Skin              ||    67
Dodge: Dodged            ||   134
Block: Other             ||    57
